 Dungeon Crawl Stone Soup version 0.28-a0-1624-g820543e53a (webtiles) character file.

Game seed: 13172460833436356093

1503 Shayle the Spear-Bearer (level 8, -2/68 HPs)
             Began as a Merfolk Warper on Jan 24, 2022.
             Slain by a hound (4 damage)
             ... on level 4 of the Dungeon.
             The game lasted 00:19:43 (7783 turns).

Shayle the Spear-Bearer (Merfolk Warper)            Turns: 7783, Time: 00:19:44

Health: -2/68      AC:  7    Str: 12    XL:     8   Next: 82%
Magic:  11/11      EV: 11    Int: 12    God:
Gold:   275        SH:  0    Dex: 19    Spells: 6/11 levels left

rFire   . . .      SeeInvis .   s - +4 mace of Ignis's Pride {vorpal, Dex+4}
rCold   . . .      Faith    .   (no shield)
rNeg    . . .      Spirit   .   m - +2 ring mail {Will+}
rPois   .          Reflect  .   (no helmet)
rElec   .          Harm     .   (no cloak)
rCorr   .          Rampage  .   (no gloves)
Will    +....                   (no boots)
Stlth   +.........              (no amulet)
HPRegen 0.21/turn               (no ring)
MPRegen 0.12/turn               (no ring)

@: no status effects
A: (nimble swimmer 2), mertail
a: no special abilities


You were on level 4 of the Dungeon.
You visited 1 branch of the dungeon, and saw 6 of its levels.

You collected 275 gold pieces.

Inventory:

Hand Weapons
 a - a +0 spear
 c - the +5 whip "Dragonslayer" {vorpal, Int+4 Dex+4}
   (You found it on level 5 of the Dungeon)

   It inflicts extra damage upon your enemies.
   Int:       It affects your intelligence (+4).
   Dex:       It affects your dexterity (+4).
 g - a +3 war axe of freezing
 h - a +1 spear of flaming
 i - a +1 vorpal flail
 n - a +3 falchion of freezing
 s - the +4 mace of Ignis's Pride (weapon) {vorpal, Dex+4}
   (You found it on level 6 of the Dungeon)

   It inflicts extra damage upon your enemies.
   Dex:       It affects your dexterity (+4).
Missiles
 k - 5 boomerangs (quivered)
 l - 19 poisoned darts
 o - 3 silver javelins
Armour
 b - a +0 leather armour
 f - +0 steam dragon scales
 m - a +2 ring mail of willpower (worn)
Jewellery
 u - a ring of protection from fire
Potions
 d - 2 potions of brilliance


   Skills:
 + Level 8.1 Fighting
 + Level 10.5 Polearms
 + Level 3.4 Throwing
 - Level 0.6 Armour
 - Level 2.6 Dodging
 - Level 2.0 Spellcasting
 - Level 2.4 Translocations


You had 6 spell levels left.
You knew the following spells:

 Your Spells              Type           Power      Damage    Failure   Level
a - Blink                 Tloc           12%        N/A       34%         2
b - Teleport Other        Tloc           6%         N/A       56%         3

Your spell library contained the following spells:

 Spells                   Type           Power      Damage    Failure   Level
 Gell's Gravitas          Tloc           6%         N/A       56%         3
 Lesser Beckoning         Tloc           6%         N/A       56%         3
 Corpse Rot               Necr/Air       2%         N/A       67%         2
 Poisonous Vapours        Pois/Air       2%         N/A       67%         2
 Dispel Undead            Necr           1%         3d6       99%         4
 Manifold Assault         Tloc           6%         N/A       100%        5
 Death Channel            Necr           0%         N/A       100%        6


Dungeon Overview and Level Annotations

Branches:
Dungeon (6/15)
 Temple: D:4-7

Altars:


Innate Abilities, Weirdness & Mutations

((You are very nimble when in or above water. (Stealth+, EV+, Speed+++)))
Your lower body shifts to a powerful aquatic tail in water.


Message History

* * * LOW HITPOINT WARNING * * *
The hound bites you but does no damage. The hound bites you but does no damage.
The hound bites you but does no damage.
You see here the +5 whip "Dragonslayer" {vorpal, Int+4 Dex+4}.
c - the +5 whip "Dragonslayer" {vorpal, Int+4 Dex+4} The water moccasin zombie bites you but does no damage.
The hound bites you but does no damage.
As you read the scroll of fear, it crumbles to dust.
You assume a fearsome visage.
The water moccasin zombie is unaffected.
The hound looks frightened!
The ogre looks frightened!
The water moccasin zombie barely misses you. x2
Unknown command.
A hound comes into view.
The hound barks!
You hear a shout!
The hound bites you but does no damage.
The water moccasin zombie completely misses you.
The hound bites you but does no damage. The hound barely misses you.
The hound bites you.
* * * LOW HITPOINT WARNING * * *
The hound bites you.
* * * LOW HITPOINT WARNING * * *
The hound barely misses you. The hound bites you.
* * * LOW HITPOINT WARNING * * *
The hound bites you.
* * * LOW HITPOINT WARNING * * *
There is a stone staircase leading up here.
The hound bites you.
* * * LOW HITPOINT WARNING * * *
The water moccasin zombie closely misses you.
You climb upwards.
There is a stone staircase leading down here.
Unknown command.
You sock the hound!
The hound is severely wounded.
The hound barely misses you. The hound bites you.
You die...

#.# #.# #.
#.####.# #.
#...##.## ##.
#..##...#####..
#..#..#......(#
####..##...#####..
#......##.## ##.
#h##..########.###
#@......[.........
#############.#...
...... ......
...... ......
...... ......
......


You could see a hound.

Vanquished Creatures
  A water moccasin (D:6)
  2 necrophages (D:6)
  An ogre (D:6)
  A bullfrog (D:6)
  A scorpion (D:4)
  3 killer bees
  3 wights (D:4)
  A centaur zombie (D:6)
  4 hounds
  A gnoll shaman (D:3)
  A jelly (D:6)
  2 orc priests
  A bullfrog skeleton (D:6)
  Terence (D:2)
  3 iguanas
  3 orc wizards
  A scorpion zombie (D:5)
  A howler monkey zombie (D:6)
  6 gnolls
  A howler monkey skeleton (D:4)
  8 adders
  An ufetubus (D:5)
  A dart slug (D:3)
  12 orcs
  7 bats
  7 endoplasms
  5 giant cockroaches
  6 goblins
  9 hobgoblins
  7 jackals
  5 kobolds
  5 quokkas
  6 ball pythons
  2 frilled lizards (D:2)
  10 rats
129 creatures vanquished.

Notes
Turn   | Place    | Note
-------+----------+-------------------------------------------
     0 | D:1      | Shayle the Merfolk Warper began the quest for the Orb.
     0 | D:1      | Reached XP level 1. HP: 16/16 MP: 3/3
   132 | D:1      | Reached XP level 2. HP: 22/23 MP: 5/5
   501 | D:1      | Reached skill level 4 in Polearms
   501 | D:1      | Reached XP level 3. HP: 17/29 MP: 6/6
  1962 | D:2      | Noticed Terence
  1990 | D:1      | Reached XP level 4. HP: 34/35 MP: 7/7
  2213 | D:2      | Killed Terence
  2214 | D:2      | Reached skill level 5 in Polearms
  2597 | D:3      | Found a faded altar of an unknown god.
  2838 | D:3      | Reached XP level 5. HP: 42/42 MP: 8/8
  2845 | D:3      | Reached skill level 6 in Polearms
  3694 | D:3      | Reached XP level 6. HP: 28/50 MP: 9/9
  3833 | D:3      | Reached skill level 5 in Fighting
  4104 | D:3      | Reached skill level 7 in Polearms
  4614 | D:4      | Reached XP level 7. HP: 31/57 MP: 10/10
  5110 | D:4      | Reached skill level 8 in Polearms
  5791 | D:5      | Entered Level 5 of the Dungeon
  6068 | D:6      | Reached skill level 9 in Polearms
  6212 | D:6      | Reached XP level 8. HP: 34/67 MP: 11/11
  6905 | D:6      | Reached skill level 10 in Polearms
  7000 | D:6      | Learned a level 2 spell: Blink
  7004 | D:6      | Learned a level 3 spell: Teleport Other
  7405 | D:6      | Identified the +4 mace of Ignis's Pride {vorpal, Dex+4}
  7763 | D:5      | Identified the +5 whip "Dragonslayer" {vorpal, Int+4 Dex+4}
  7780 | D:5      | HP: 3/68 [hound (2)]
  7781 | D:5      | HP: 1/68 [hound (2)]
  7783 | D:4      | Slain by a hound

Illustrated notes

Levels and vault maps discovered:
D:1:      dpeg_arrival_concentric_ovals, layout_loops_corners,
          minmay_misc_feat_hallway
D:2:      layout_rooms, uniq_terence
D:3:      layout_rooms, dreamdust_ecumenical_altar_statues,
          nrook_mini_backslash, cheibrodos_gnoll_hut
D:4:      layout_basic, minmay_misc_feat_tower, minmay_bent
D:5:      layout_cave_pools, minmay_temple_entry_offerings
D:6:      layout_basic

Skill      XL: |  1  2  3  4  5  6  7  8 |
---------------+-------------------------+-----
Fighting       | 3 4 5 7 8 |  8.1
Polearms       | 4 5 6 7 9 10 | 10.5
Throwing       | 3 |  3.4
Armour         | |  0.6
Dodging        | |  2.6
Spellcasting   | |  2.0
Translocations | |  2.4

Action                   |  1- 3 |  4- 6 |  7- 9 || total
-------------------------+-------+-------+-------++-------
Melee: Spear             |   150 |   212 |   245 ||   607
       Punch             |     1 |     2 |     6 ||     9
       Mace              |       |       |    18 ||    18
Throw: Boomerang         |     5 |       |     6 ||    11
  Use: Scroll            |     2 |     1 |    11 ||    14
       Potion            |     1 |       |     4 ||     5
 Stab: Sleeping          |     1 |       |       ||     1
Armor: Leather armour    |     8 |       |       ||     8
       Steam dragon scal |    49 |    56 |     4 ||   109
       Ring mail         |       |       |    77 ||    77
Dodge: Dodged            |    99 |   105 |   147 ||   351

Table legend: (Time is in decaauts)
 A = Elapsed time spent in this place.
 B = Non-inter-level travel time spent in this place.
 C = Inter-level travel time spent in this place.
 D = Time resting spent in this place.
 E = Time spent auto-exploring this place.
 F = Levels seen in this place.
 G = Mean time per level.
                   A        B        C        D        E       F      G
               +--------+--------+--------+--------+--------+-----+--------+
         Total |   7660 |   7494 |    166 |   2685 |   3052 |   6 | 1276.7 |
       Dungeon |   7660 |   7494 |    166 |   2685 |   3052 |   6 | 1276.7 |
               +--------+--------+--------+--------+--------+-----+--------+

Top non-repeatable levels by time:
     D:3: 1818 daAuts
     D:1: 1430 daAuts
     D:6: 1409 daAuts
     D:4: 1336 daAuts
     D:2: 1136 daAuts
     D:5: 528 daAuts
